 Dungeon Sprint DCSS version 0.28.0-53-g5a82cb258f (webtiles) character file.

Game seed: 536607740616397299

0 Zeld the Skirmisher (level 1, -1/19 HPs)
             Began as a Palentonga Fighter on May 30, 2022.
             Slain by a river rat (3 damage)
             ... in the Dungeon (Sprint IV: "Fedhas' Mad Dash").
             The game lasted 00:00:08 (21 turns).

Zeld the Skirmisher (Palentonga Fighter)              Turns: 21, Time: 00:00:09

Health: -1/19      AC:  6    Str: 19    XL:     1   Next: 8%
Magic:  1/1        EV:  7    Int:  8    God:
Gold:   0          SH:  4    Dex:  9    Spells: 0/0 levels left

rFire   . . .      SeeInvis +   a - +0 war axe
rCold   . . .      Faith    .   c - +0 buckler
rNeg    . . .      Spirit   .   b - +0 scale mail
rPois   .          Reflect  .   (no helmet)
rElec   .          Harm     .   (no cloak)
rCorr   .          Rampage  .   (no gloves)
Will    .....      NoTele   +   (no barding)
Stlth   ..........              (no amulet)
HPRegen 0.06/turn               (no ring)
MPRegen 0.07/turn               (no ring)

@: no status effects
A: large, rugged brown scales 3, see invisible, deformed body, roll 1, armoured
tail
a: Rolling Charge


You were in the Dungeon.
You visited 1 branch

Inventory:

Hand Weapons
 a - a +0 war axe (weapon)
Armour
 b - a +0 scale mail (worn)
 c - a +0 buckler (worn)
Scrolls
 j - a scroll of blinking
Potions
 d - a potion of might
 e - a potion of curing
 f - a potion of heal wounds
 g - a potion of haste
 h - 2 potions of magic
 i - a potion of berserk rage


   Skills:
 * Level 3.1 Fighting
 * Level 2.1 Axes
 + Level 2.4 Armour
 + Level 0.1 Dodging
 * Level 2.5 Shields


You couldn't memorise any spells.
You didn't know any spells.
Your spell library was empty.

Dungeon Overview and Level Annotations

Branches:
Dungeon (1/1)

Altars:


Innate Abilities, Weirdness & Mutations

You are completely covered in rugged brown scales. (AC +3, +7% HP)
You have supernaturally acute eyesight. (SInv)
Armour fits poorly on your strangely shaped body.
You can roll at nearby foes to attack.
You have a long armoured tail.


Message History

You hit the river rat.
You tail-slap the river rat, but do no damage.
The river rat is lightly wounded.
The river rat bites you. You block the river rat's attack.
You are too injured to fight recklessly!
You are too injured to fight recklessly!
You are too injured to fight recklessly!
You are too injured to fight recklessly!
You barely miss the river rat.
The river rat is lightly wounded.
The river rat barely misses you.
You barely miss the river rat.
Your tail-slap misses the river rat.
The river rat is lightly wounded.
The river rat bites you but does no damage.
You hit the river rat.
The river rat is moderately wounded.
The river rat bites you. The river rat barely misses you.
You barely miss the river rat.
Your tail-slap misses the river rat.
The river rat is moderately wounded.
The river rat closely misses you.
You hit the river rat but do no damage.
The river rat is moderately wounded.
The river rat bites you but does no damage.
The river rat bites you.
* * * LOW HITPOINT WARNING * * *
You closely miss the river rat.
The river rat is moderately wounded.
The river rat bites you.
* * * LOW HITPOINT WARNING * * *
You closely miss the river rat.
The river rat is moderately wounded.
You block the river rat's attack.
The river rat bites you but does no damage.
There is an open door here.
You hit the river rat.
Your tail-slap misses the river rat.
The river rat is heavily wounded.
You slash the fungus!
The fungus begins to die.
You hit the fungus.
The fungus begins to die.
You hit the fungus but do no damage. The river rat bites you.
You die...

############
#<...#.....#
#..@r'.$...+
#PPPP#.....#
############


You could see a river rat.

Vanquished Creatures
  A rat (D)
1 creature vanquished.

Vanquished Creatures (others)
  3 fungi (D)
3 creatures vanquished.

Grand Total: 4 creatures vanquished

Notes
Turn   | Place    | Note
-------+----------+-------------------------------------------
     0 | D        | Zeld the Palentonga Fighter began the quest for the Orb.
     0 | D        | Reached XP level 1. HP: 19/19 MP: 1/1
    21 | D        | Slain by a river rat

Illustrated notes

Levels and vault maps discovered:
D:        dungeon_sprint_fedhas [sprint_temple]

Action                   || total
-------------------------++-------
Melee: War axe           ||    13
       Tailslap          ||     1
 Abil: Rolling Charge    ||     1
Armor: Scale mail        ||     3
Dodge: Dodged            ||     3
Block: Buckler           ||     2
